 Dungeon Crawl Stone Soup version 0.19.1 (webtiles) character file.

1012 CanadianGator the Bolt Thrower (level 8, 0/43 HPs)
             Began as a Kobold Hunter on Dec 7, 2016.
             Was a Believer of Uskayaw.
             Slain by an ice beast (5 damage)
             ... on level 6 of the Dungeon.
             The game lasted 00:17:33 (5124 turns).

CanadianGator the Bolt Thrower (Kobold Hunter)      Turns: 5124, Time: 00:17:33

Health: 0/43       AC:  5    Str: 10    XL:     8   Next: 45%
Magic:  0/10       EV: 15    Int: 12    God:    Uskayaw [**....]
Gold:   275        SH:  5    Dex: 19    Spells: 1 memorised, 9 levels left

rFire  . . .     SeeInvis .     C - +2 dagger (pain)
rCold  + . .     Gourm    .     i - +0 ring mail
rNeg   + . .     Faith    .     s - +0 buckler
rPois  .         Spirit   +     (helmet restricted)
rElec  .         Reflect  .     (no cloak)
rCorr  .         Harm     .     (no gloves)
MR     .....                    (no boots)
Stlth  +.........               p - amulet of guardian spirit
                                G - ring of positive energy
                                j - +2 ring of dexterity

@: lethally poisoned (0 -> -1), glowing
A: horns 1, carnivore 3, cold resistance 1, frail 1, wild magic 1, evolution 1
a: Stomp, Line Pass, Renounce Religion


You were on level 6 of the Dungeon.
You worshipped Uskayaw.
Uskayaw was noncommittal.
You were very full.

You visited 1 branch of the dungeon, and saw 6 of its levels.

You collected 275 gold pieces.

Inventory:

Hand Weapons
 a - a +2 hand crossbow
 l - a +0 dagger of venom
 y - a +0 rapier
 C - a +2 dagger of pain (weapon)
Missiles
 d - 27 bolts
Armour
 c - a +0 leather armour
 i - a +0 ring mail (worn)
 s - a +0 buckler (worn)
 v - a +0 shield
 B - a +0 scale mail
Jewellery
 b - an uncursed ring of protection from fire
 e - a +4 amulet of reflection
 j - a +2 ring of dexterity (left hand)
 k - a +3 ring of intelligence
 p - an amulet of guardian spirit (around neck)
 z - a +4 amulet of reflection
 F - an uncursed ring of magical power
 G - a ring of positive energy (right hand)
 H - an uncursed ring of poison resistance
Wands
 K - a wand of polymorph (10/24)
Scrolls
 g - a scroll of immolation {unknown}
 h - a scroll of random uselessness {unknown}
 o - a scroll of blinking {unknown}
 q - a scroll of enchant weapon
 t - 4 scrolls of teleportation
 u - 2 scrolls of amnesia {unknown}
 w - 2 scrolls of magic mapping {unknown}
 A - a scroll of remove curse {unknown}
Potions
 m - a potion of flight
 n - a potion of lignification
 r - a potion of invisibility {unknown}
 x - a potion of magic {unknown}
 E - 2 potions of brilliance
 I - a potion of agility {unknown}
 J - 2 potions of cancellation {unknown}
Comestibles
 f - 3 meat rations
 D - a beef jerky


   Skills:
 + Level 3.7 Fighting
 * Level 5.2 Short Blades
 + Level 5.9 Crossbows
 + Level 1.9 Armour
 * Level 5.0 Dodging
 * Level 5.5 Stealth
 + Level 1.6 Shields
 + Level 1.5 Spellcasting
 + Level 1.4 Necromancy
 + Level 1.4 Invocations


You had 9 spell levels left.
You knew the following spells:

 Your Spells              Type           Power        Failure   Level  Hunger
a - Animate Skeleton      Necr           N/A          77%         1    ##.....


Dungeon Overview and Level Annotations

Branches:
Dungeon (6/15)
 Temple: D:4-7

Altars:
Fedhas
Kikubaaqudgha
Qazlal
Uskayaw

Annotations:
D:6 mdmota's ghost, novice SpEn


Innate Abilities, Weirdness & Mutations

You are small and have problems with some larger weapons.
You are carnivorous and can eat meat at any time.
You have a pair of small horns on your head.
Your flesh is cold resistant. (rC+)
You are frail. (-10% HP)
Your spells are a little harder to cast, but a little more powerful.
You evolve.


Message History

The ice beast hits you. The ice beast freezes you. You resist.
* * * LOW HITPOINT WARNING * * *
You hit the ice beast.
The ice beast writhes in agony.
The ice beast is almost dead.
You feel sick.
You hit the ice beast.
The ice beast is almost dead.
The ice beast hits you.
* * * LOW HITPOINT WARNING * * *
The ice beast freezes you. You resist.
* * * LOW HITPOINT WARNING * * *
You hit the ice beast but do no damage.
The ice beast writhes in agony.
The ice beast is almost dead.
You block the ice beast's attack.
You hit the ice beast but do no damage.
The ice beast is almost dead.
The ice beast hits you.
* * * LOW HITPOINT WARNING * * *
The ice beast freezes you! You resist.
You die...

...# ...# ...# ...# ...#
##.##############+######
# ##........##(.(.......
# #......<.##..........
# #........'...@.......
# #........##..Y.......
# #........##..........
# #........##......(...
####........##........(.
............##..........
####........##.....(....
#...#######..........
##### #..........


You could see an ice beast.

Vanquished Creatures
  A sky beast (D:5)
  A phantom (D:6)
  3 ogres
  A centaur (D:5)
  The ghost of CanadianGator the Cutter, an amateur KoMo (D:3)
  A bullfrog zombie (D:5)
  A jelly (D:6)
  An orc wizard (D:4)
  A centaur skeleton (D:6)
  4 worker ants (D:4)
  A howler monkey skeleton (D:4)
  7 adders
  2 adder zombies
  2 adder skeletons (D:4)
  2 worms (D:3)
  2 dart slugs
  5 leopard geckos
  9 orcs
  3 giant cockroaches
  3 goblins
  11 hobgoblins
  7 jackals
  12 kobolds
  2 ball pythons
  10 bats
  7 frilled lizards
  3 jackal skeletons
  9 rats
112 creatures vanquished.

Notes
Turn   | Place    | Note
-------+----------+-------------------------------------------
     0 | D:1      | CanadianGator the Kobold Hunter began the quest for the Orb.
     0 | D:1      | Reached XP level 1. HP: 12/12 MP: 1/1
   318 | D:1      | Reached XP level 2. HP: 17/17 MP: 2/2
   323 | D:1      | Reached skill level 5 in Crossbows
   419 | D:1      | Reached skill level 1 in Short Blades
   863 | D:1      | Reached XP level 3. HP: 21/21 MP: 3/3
  1312 | D:2      | Reached XP level 4. HP: 25/27 MP: 4/4
  1695 | D:2      | Found a stormy altar of Qazlal.
  1849 | D:2      | Found an ancient bone altar of Kikubaaqudgha.
  2140 | D:3      | Noticed CanadianGator's ghost (amateur KoMo)
  2174 | D:3      | Killed CanadianGator's ghost
  2174 | D:3      | Reached XP level 5. HP: 32/32 MP: 5/5
  2550 | D:3      | Reached XP level 6. HP: 36/36 MP: 6/6
  2617 | D:3      | Found a blossoming altar of Fedhas.
  2617 | D:3      | Found a hide-covered altar of Uskayaw.
  2623 | D:3      | Found a faded altar of an unknown god.
  2625 | D:3      | Became a worshipper of Uskayaw the Reveler
  2628 | D:3      | Found a faded altar of an unknown god.
  2630 | D:3      | Found a faded altar of an unknown god.
  2684 | D:3      | Reached * piety under Uskayaw
  3033 | D:4      | HP: 1/37 [orc/short sword (4)]
  3037 | D:4      | Reached skill level 1 in Armour
  3049 | D:4      | Gained mutation: You are frail. (-10% HP) [potion of mutation]
  3049 | D:4      | Gained mutation: You evolve. [potion of mutation]
  3049 | D:4      | Gained mutation: You have a pair of small horns on your head. [potion of mutation]
  3319 | D:4      | Gained mutation: Your flesh is cold resistant. (rC+) [evolution]
  3338 | D:4      | Reached ** piety under Uskayaw
  3372 | D:4      | Found a blossoming altar of Fedhas.
  3436 | D:4      | Noticed an ogre
  3440 | D:4      | Reached *** piety under Uskayaw
  3441 | D:4      | Killed an ogre
  3441 | D:4      | Reached skill level 1 in Shields
  3441 | D:4      | Reached XP level 7. HP: 30/36 MP: 7/7
  3522 | D:4      | Learned a level 1 spell: Animate Skeleton
  4165 | D:5      | Entered Level 5 of the Dungeon
  4397 | D:5      | Reached skill level 1 in Spellcasting
  4397 | D:5      | Reached skill level 1 in Necromancy
  4397 | D:5      | Reached skill level 1 in Invocations
  4397 | D:5      | Reached XP level 8. HP: 42/42 MP: 2/9
  4614 | D:5      | Reached skill level 5 in Short Blades
  4614 | D:5      | Reached skill level 5 in Stealth
  4637 | D:5      | Gained mutation: Your spells are a little harder to cast, but a little more powerful. [evolution]
  4901 | D:6      | Reached skill level 5 in Dodging
  5083 | D:6      | Noticed mdmota's ghost (novice SpEn)
  5124 | D:6      | Slain by an ice beast

Skill      XL: |  1  2  3  4  5  6  7  8 |
---------------+-------------------------+-----
Crossbows      | 5 |  5.9
Short Blades   | 1 2 3 4 5 |  5.2
Stealth        | 2 3 4 5 |  5.5
Dodging        | 3 4 5 |  5.0
Fighting       | 3 |  3.7
Armour         | 1 |  1.9
Shields        | 1 |  1.6
Spellcasting   | 1 |  1.5
Necromancy     | 1 |  1.4
Invocations    | 1 |  1.4

Action                   |  1- 3 |  4- 6 |  7- 9 || total
-------------------------+-------+-------+-------++-------
Melee: Short sword       |    13 |       |       ||    13
       Dagger            |    59 |   134 |   120 ||   313
       Headbutt          |       |     1 |    32 ||    33
 Fire: Hand crossbow     |    21 |    55 |    34 ||   110
 Cast: Animate Skeleton  |       |       |     1 ||     1
Invok: Stomp             |       |     1 |       ||     1
  Use: Potion            |     1 |     5 |     1 ||     7
       Scroll            |       |     4 |     3 ||     7
 Stab: Sleeping          |       |    10 |     1 ||    11
       Distracted        |       |     1 |       ||     1
       Paralysed         |       |       |     1 ||     1
  Eat: Chunk             |     8 |     8 |     4 ||    20
Armor: Leather armour    |     3 |       |       ||     3
       Ring mail         |    19 |    23 |    21 ||    63
       Skin              |       |    10 |       ||    10
Dodge: Dodged            |    48 |    56 |    49 ||   153
Block: Other             |     6 |       |       ||     6
       Buckler           |       |    63 |    18 ||    81
